[Event "31st Kavala Open-A 2022"]
[Site "Kavala"]
[Date "2022.07.27"]
[Round "2.14"]
[White "Tarhan, Adar"]
[Black "Gouloutis, Nikolaos"]
[Result "1-0"]
[ECO "B12"]
[WhiteElo "2201"]
[BlackElo "2362"]
[Annotator "TA"]
[PlyCount "101"]
[EventDate "2022.07.27"]
[EventType "swiss"]
[EventCountry "GRE"]
[SourceTitle "playchess.com"]
[Source "ChessBase"]
[SourceQuality "1"]
[TimeControl "40/5400+30:1800+30"]

1. e4 c6 2. d4 d5 3. e5 Bf5 4. Nf3 e6 5. Be2 Ne7 6. O-O Ng6 {[%emt 0:00:05] 6...h6 gains popularity. B12: Caro-Kann: Advance Variation.} 7. Nbd2 ({White should try} 7. Be3 $14) 7... Nf4 $11 8. Nb3 Nxe2+ {[%emt 0:00:08] The position is equal.} 9. Qxe2 Be7 10. a4 a5 11. Be3 {[%emt 0:02:31] [#]} O-O $146 ({Predecessor:} 11... Bg4 12. c3 Nd7 13. h3 Bh5 14. Nbd2 Qb6 15. b3 Qa6 16. Qxa6 Rxa6 17. Rfb1 O-O {0-1 (47) Ronneland,D (2218)-Cornette,M (2602) Fornebu 2017}) 12. Rfc1 h6 13. Bd2 Qb6 14. Be1 Nd7 15. Nfd2 Bg5 16. Ra3 (16. g3 $11 {remains equal.}) 16... f6 $17 17. h4 Bf4 18. g3 Bxd2 19. Bxd2 fxe5 20. dxe5 c5 21. Be3 (21. f4 $15 {is superior.}) 21... Qc7 22. Bf4 b6 23. Nd2 Qd8 24. Nf1 Qe8 25. h5 Bh7 26. Ne3 Kh8 27. Ng2 Rf5 (27... c4 $17) 28. g4 $11 Rf7 29. Rg3 Be4 ({Black should play} 29... Qf8 $15 30. Qe3 Kg8) 30. f3 Bh7 31. Bd2 Nb8 (31... c4 $11) 32. g5 $14 hxg5 (32... Qxa4 $2 33. g6 Bxg6 34. Rxg6 $18 (34. hxg6 Rf5 $16)) 33. Bxg5 {[%emt 0:00:06] Hoping for h6.} Qxa4 34. h6 (34. Rg4 $11 Qe8 35. h6) 34... Nd7 ({Better is} 34... Qd4+ $15 35. Qe3 Nd7 36. Qxd4 cxd4) 35. Rg4 Qa2 36. hxg7+ $1 Rxg7 (36... Kg8 $11 37. c4 a4 38. cxd5 Qxd5) 37. Bf6 (37. c4 $1 $14 {is more appropriate.}) 37... Nxf6 $11 38. Rxg7 Kxg7 39. exf6+ Kxf6 (39... Kh8 40. Qe5 Bf5 41. Qc7 $18) 40. Re1 Qxb2 41. Qxe6+ Kg7 {[%emt 0:04:00] Strongly threatening ...Qd4+.} 42. Re5 {[%emt 0:03:44] Intending Qe7+ and mate.} Qd4+ (42... Qxc2 $2 43. Qe7+ Kg8 44. Rg5+ Bg6 45. Nf4 $18) 43. Kh1 {[%emt 0:08:07] Threatening mate with Qe7+.} Rf8 {[%emt 0:00:08] Threatens to win with ...Bg6.} (43... Bxc2 $2 44. Qe7+ Kg8 45. Qf6 Qxe5 46. Qxe5 $18) 44. Qe7+ $1 ({Don't play} 44. Rxd5 Qf6 45. Rd7+ Kh8 $17) 44... Rf7 45. Qg5+ Bg6 $1 46. Nh4 Rf6 47. Re7+ ({Don't go for} 47. Nf5+ $2 Rxf5 $1 48. Rxf5 Qd1+ 49. Kh2 Qxc2+ 50. Kg3 Qxf5 $19) 47... Kf8 {[%emt 0:00:23] [#]} (47... Kg8 $1 $11) 48. Rb7 $1 $40 {[%emt 0:05:24][%mdl 1152] White has strong compensation. White attacks with force. The board is on fire.} Qa1+ $2 (48... Bf7 $16 49. Rb8+ Be8) 49. Kg2 (49. Kh2 $142 Qd4 50. Nxg6+ Ke8 51. Qg3 Qd2+ 52. Kh3 Qh6+ 53. Nh4 Rd6 54. Qg8+ Qf8 55. Rb8+ Rd8 56. Rxd8+ Kxd8 57. Qxf8+ Kc7 58. Nf5) 49... Bf7 $18 50. Nf5 $2 (50. Rb8+ $18 Be8 51. Qe3) 50... Ke8 $2 (50... Re6 $11 51. Rb8+ Be8) 51. Re7+ {[%emt 0:00:25][%mdl 64] Deflection.  Weighted Error Value: White=0.37/Black=0.32} 1-0

[Event "31st Kavala Open-A 2022"]
[Site "Kavala"]
[Date "2022.07.27"]
[Round "2.15"]
[White "Ladopoulos, Dimitrios"]
[Black "Kazantzoglou, Stefanos"]
[Result "1-0"]
[ECO "E02"]
[WhiteElo "2335"]
[BlackElo "1676"]
[Annotator "TA"]
[PlyCount "79"]
[EventDate "2022.07.27"]
[EventType "swiss"]
[EventCountry "GRE"]
[SourceTitle "playchess.com"]
[Source "ChessBase"]
[SourceQuality "1"]
[TimeControl "40/5400+30:1800+30"]

1. Nf3 d5 2. d4 Nf6 3. c4 e6 4. g3 dxc4 5. Qa4+ Bd7 6. Qxc4 Bc6 7. Bg2 Be7 8. O-O O-O 9. Bg5 Nbd7 10. Nc3 h6 11. Bxf6 Nxf6 12. Rac1 {[%emt 0:10:10] E02: Open Catalan: 5 Qa4+.} Bxf3 13. Bxf3 c6 {[%emt 0:00:30] [#]} 14. a3 $146 {[%emt 0:07:04] White has an edge.} ({Predecessor:} 14. Rfd1 a5 15. e4 Qb6 16. Rd2 Rfd8 17. Rcd1 Rac8 18. Qe2 Rd7 19. d5 Rcd8 20. dxe6 fxe6 {½-½ (63) Prithu,G (2472)-Shirov,A (2662) Europe Echecs INT 2021}) 14... Qb6 15. Na4 Qa5 {[%emt 0:02:02] [#] aiming for ...b5.} 16. Qc2 Rfd8 17. Rfd1 a6 18. b4 Qb5 (18... Qc7 $14) 19. Rb1 (19. e4 $16) 19... Qf5 20. Qxf5 exf5 21. Nb6 Rab8 22. e3 Ne4 23. Rb2 Bd6 24. Rc1 Bc7 25. Na4 Rd7 26. Nc5 Re7 27. a4 Bd6 28. Bxe4 fxe4 29. b5 axb5 (29... cxb5 $1 $11 {remains equal.} 30. axb5 Rc8) 30. axb5 $16 Ree8 (30... Rc7 $14) 31. bxc6 {[%emt 0:00:23] White is more active.} b6 {[%emt 0:01:10][%mdl 8192] [#] A mistake that costs the game.} (31... Bxc5 $16 {is more resistant.} 32. Rxc5 bxc6 33. Rxb8 Rxb8 34. Rxc6 h5) 32. c7 (32. Na6 $142) 32... Rbc8 33. Rxb6 ({And not} 33. Na6 Ba3 34. Rxb6 Bxc1 $11) 33... Bxc7 34. Ra6 Bd8 35. Rb1 Re7 36. Kg2 Kf8 37. Rb5 Bc7 38. Rc6 Ke8 $2 (38... Rd8 39. Nxe4 Rxe4) 39. Na6 Kd7 40. Rbc5 {[%emt 0:00:06] Weighted Error Value: White=0.20 (precise) /Black=0.53} ({Less strong is} 40. Rxc7+ Rxc7 41. Nxc7 Kxc7 $18) 1-0

[Event "31st Kavala Open-A 2022"]
[Site "Kavala"]
[Date "2022.07.27"]
[Round "2.16"]
[White "Nikolaev, Georgi"]
[Black "Gagare, Shardul"]
[Result "0-1"]
[ECO "B48"]
[WhiteElo "2026"]
[BlackElo "2514"]
[Annotator "TA"]
[PlyCount "82"]
[EventDate "2022.07.27"]
[EventType "swiss"]
[EventCountry "GRE"]
[SourceTitle "playchess.com"]
[Source "ChessBase"]
[SourceQuality "1"]
[TimeControl "40/5400+30:1800+30"]

1. e4 c5 2. Nf3 e6 3. d4 cxd4 4. Nxd4 Nc6 5. Nc3 Qc7 6. Be3 a6 7. Qd2 Nf6 8. O-O-O Bb4 9. f3 O-O {[%emt 0:00:30] B48: Sicilian: Taimanov: 5 Nc3 Qc7 6 Be3 a6 without Be2.} 10. g4 (10. a3 $5 Be7 11. g4 $14) 10... Ne5 11. g5 Nh5 {[%emt 0:00:30] The position is equal.} 12. a3 Bxc3 13. Qxc3 Qxc3 14. bxc3 f6 ({Black should try} 14... Re8 $11) 15. Rg1 $1 $14 {[%emt 0:00:30] [#] Black must now prevent f4.} b5 $146 ({Predecessor:} 15... Ng6 16. c4 b6 17. Rd3 Rb8 18. Rb3 Rb7 19. a4 Nhf4 20. Ne2 e5 21. Nxf4 Nxf4 22. Bxb6 fxg5 23. c5 Ne6 24. Bxa6 Nd4 25. Bc4+ Kh8 26. a5 {1-0 (26) Cheparinov,I (2679)-Maletin,P (2557) Budva 2009}) 16. Rg4 Nxg4 17. fxg4 {[%emt 0:00:30] [#]} Nf4 18. Bxf4 {[%emt 0:00:30] aiming for Bd6.} e5 19. Bg3 exd4 20. cxd4 (20. Bd6 $11 {remains equal.}) 20... d5 $36 {[%emt 0:00:30][%mdl 2048] Black is more active.} 21. gxf6 Bxg4 22. fxg7 Kxg7 23. Bg2 $2 {[%emt 0:00:30] Now White is beyond hope.} Bxd1 $19 24. Kxd1 dxe4 25. Bxe4 Rae8 26. Bb7 Rf6 27. Kd2 Re7 28. Bc8 Rc6 29. Bf5 Kf6 30. Bh4+ $2 (30. Bd3) 30... Kxf5 31. Bxe7 {[%emt 0:00:30][%mdl 4096] Endgame KR-KB} Ke4 32. c3 $2 (32. Bd8) 32... Rg6 33. h4 Rg2+ 34. Ke1 Kd3 35. Kf1 Rg7 36. Bb4 Kc4 37. Kf2 Rg4 {[%emt 0:00:30] [#] Hoping for ...h5.} 38. Be7 Kxc3 39. d5 Kc4 40. d6 Rd4 {[%emt 0:00:30] ( -> ...a5)} 41. Ke3 a5 {[%emt 0:30:30] Weighted Error Value: White=0.81/Black=0.07 (flawless)} 0-1

[Event "31st Kavala Open-A 2022"]
[Site "Kavala"]
[Date "2022.07.27"]
[Round "3.1"]
[White "Gopal G.N."]
[Black "Kanakaris, Georgios"]
[Result "1/2-1/2"]
[ECO "C06"]
[WhiteElo "2593"]
[BlackElo "2389"]
[Annotator "TA"]
[PlyCount "41"]
[EventDate "2022.07.27"]
[EventType "swiss"]
[EventCountry "GRE"]
[SourceTitle "playchess.com"]
[Source "ChessBase"]
[SourceQuality "1"]
[TimeControl "40/5400+30:1800+30"]

1. e4 e6 2. d4 d5 3. Nd2 Be7 4. Ngf3 Nf6 5. e5 Nfd7 6. Bd3 c5 7. c3 Nc6 8. O-O a5 9. a4 $1 {[%emt 0:04:03][%mdl 4] is more profitable than 9.Re1 at the moment. C06: French Tarrasch: 3...Nf6 4 e5 Nfd7 5 Bd3 main lines.} O-O 10. Re1 f6 11. exf6 Nxf6 12. h3 Qb6 13. Nf1 cxd4 14. cxd4 {[%emt 0:00:03] [#]} Bd6 $146 ({Predecessor:} 14... Bd7 15. Be3 Rac8 16. Rc1 Qxb2 17. Rb1 Qa3 18. Rb3 Qd6 19. Rxb7 Rb8 20. Rxb8 Qxb8 {0-1 (35) Boschma,B (2338)-Beckmann,F (2368) ICCF email 2012}) 15. Be3 Bd7 (15... Qxb2 $2 16. Rb1 Qa3 17. Bc1 $18) 16. Rc1 Rae8 (16... Qxb2 $2 17. Rb1 Qa3 18. Bc1 $18 (18. Rxb7 Nb4 $15)) 17. Ne5 Bb8 {[%emt 0:10:43] [#]} (17... Re7 $14) 18. Bb5 {[%emt 0:04:56] White is more active.} (18. Bg5 $1 $16 {[%cal Rg5f6] aiming for Bxf6.} Qd8 19. b3 (19. Nxd7 Qxd7 20. Be3 e5 $11)) 18... Re7 {[%emt 0:04:47] White is slightly better.} 19. Nd2 Nb4 (19... Nxd4 $2 20. Nxd7 Rxd7 21. Bxd7 Nxd7 22. Qg4 $18) 20. Bf1 Qd8 21. Ndf3 {[%emt 0:05:16] Weighted Error Value: White=0.13 (very precise) /Black=0.11 (very precise)} 1/2-1/2

[Event "31st Kavala Open-A 2022"]
[Site "Kavala"]
[Date "2022.07.27"]
[Round "3.2"]
[White "Celik, Hasan Huseyin"]
[Black "Kourkoulos-Arditis, Stamatis"]
[Result "0-1"]
[ECO "C45"]
[WhiteElo "2363"]
[BlackElo "2535"]
[Annotator "TA"]
[PlyCount "50"]
[EventDate "2022.07.27"]
[EventType "swiss"]
[EventCountry "GRE"]
[SourceTitle "playchess.com"]
[Source "ChessBase"]
[SourceQuality "1"]
[TimeControl "40/5400+30:1800+30"]

1. e4 e5 2. Nf3 Nc6 3. d4 exd4 4. Nxd4 Bc5 5. Nb3 Bb6 6. Nc3 Nge7 7. g3 {[%emt 0:07:22] C45: Scotch Game.} d6 8. Bg2 {[%emt 0:01:04] [#]} h5 $146 ({Predecessor:} 8... Be6 9. Nd5 Ne5 10. Nxb6 axb6 11. Nd4 Bg4 12. f3 Bd7 13. f4 N5c6 14. b3 O-O {0-1 (39) Doncevic,D (2249)-Buhmann,R (2568) Skopje 2019}) 9. h3 {[%emt 0:03:53] White is slightly better.} Be6 10. Qe2 (10. Nd5 $14 {deserves consideration.}) 10... Ne5 11. Be3 Bxe3 $1 12. Qxe3 Nc4 $1 13. Qd4 O-O 14. O-O-O Nc6 15. Qd3 a5 $1 $132 {[%emt 0:03:23][%mdl 2048] Black is not holding back} 16. Nd5 N6e5 17. Qc3 c6 18. Nf4 b5 $1 {[%emt 0:00:47] And now ...b4 would win.} 19. Nxe6 (19. Nd4 $15 b4 20. Qe1) 19... fxe6 $19 20. f4 {[%emt 0:00:05] [#]} b4 $1 21. Qe1 (21. Qd4 $17 c5 22. Nxc5 dxc5 23. Qxd8 Raxd8 24. Rxd8 Rxd8 25. fxe5) 21... a4 22. Nd4 {[%emt 0:04:43] [#] Hoping for Bf1.} b3 $2 (22... Qb6 $1 $19 {[%cal Ob4b3] Strongly threatening ...b3!} 23. fxe5 (23. Kb1 b3) 23... b3) 23. a3 $2 (23. cxb3 $11 axb3 24. axb3 Nd3+ 25. Rxd3 Ra1+ 26. Kc2 Rxe1 27. Rxe1) 23... bxc2 {[%emt 0:01:12] Black is clearly winning.} 24. Nxc2 Rb8 25. h4 {[%emt 0:14:27] [#]} Rxb2 $1 {[%emt 0:03:19] Weighted Error Value: White=0.90/Black=0.17 (very precise)} 0-1

[Event "31st Kavala Open-A 2022"]
[Site "Kavala"]
[Date "2022.07.27"]
[Round "3.3"]
[White "Levin, Guy"]
[Black "Yilmazyerli, Mert"]
[Result "1/2-1/2"]
[ECO "A37"]
[WhiteElo "2363"]
[BlackElo "2520"]
[Annotator "TA"]
[PlyCount "41"]
[EventDate "2022.07.27"]
[EventType "swiss"]
[EventCountry "GRE"]
[SourceTitle "playchess.com"]
[Source "ChessBase"]
[SourceQuality "1"]
[TimeControl "40/5400+30:1800+30"]

1. c4 c5 2. Nf3 g6 3. g3 Bg7 4. Bg2 Nc6 5. Nc3 d6 6. O-O e6 7. e3 {[%emt 0:00:15] 7.e3 is better than 7.d3.} Nge7 8. d4 O-O {[%emt 0:00:45] The position is equal.} 9. dxc5 {[%emt 0:03:44] A37: Symmetrical English vs ...g6: 4 Bg2 Bg7 5 Nf3.} dxc5 10. Qe2 a6 11. Rd1 Qc7 12. Bd2 b6 13. Rac1 Bb7 14. b3 Rad8 15. Na4 h6 {[%emt 0:00:50] [#]} 16. a3 $146 ({Predecessor:} 16. Bc3 e5 17. Ne1 Bc8 18. Rxd8 Rxd8 19. Rd1 Bf5 20. h3 Be6 21. Rd2 Nb8 22. Rxd8+ Qxd8 {0-1 (37) Paladini,J (2084)-Shchekachev,A (2515) Biel 2021}) 16... Ne5 17. Bc3 Rxd1+ 18. Rxd1 {[%emt 0:00:12] [#] aiming for Nxe5.} Nxf3+ 19. Bxf3 Bxf3 20. Qxf3 Rd8 21. Bxg7 {[%emt 0:03:04] An interesting draw.  Weighted Error Value: White=0.07 (flawless) /Black=0.05 (flawless)} 1/2-1/2

[Event "31st Kavala Open-A 2022"]
[Site "Kavala"]
[Date "2022.07.27"]
[Round "3.4"]
[White "Halkias, Stelios"]
[Black "Ladopoulos, Dimitrios"]
[Result "1-0"]
[ECO "A30"]
[WhiteElo "2512"]
[BlackElo "2335"]
[Annotator "TA"]
[PlyCount "55"]
[EventDate "2022.07.27"]
[EventType "swiss"]
[EventCountry "GRE"]
[SourceTitle "playchess.com"]
[Source "ChessBase"]
[SourceQuality "1"]
[TimeControl "40/5400+30:1800+30"]

1. Nf3 e6 2. c4 b6 3. g3 Bb7 4. Bg2 Nf6 5. O-O Be7 6. Re1 O-O 7. Nc3 d5 8. cxd5 Nxd5 9. e4 Nxc3 10. bxc3 c5 11. d4 cxd4 12. cxd4 Nc6 13. Bb2 Bf6 14. Rb1 Rc8 (14... Re8 $14) 15. d5 $16 {[%emt 0:16:53] A30: Symmetrical English: Double Fianchetto and Hedgehog.} exd5 16. exd5 Na5 17. Ne5 $1 {[%emt 0:02:37][%cal Bf3e5,Be5d3,Bd3f4,Bf4d5][%mdl 32] [#] White is better.} Re8 $146 (17... Bxe5 $16 18. Bxe5 Qd7) ({Predecessor:} 17... Nc4 18. Nxc4 Rxc4 19. d6 Bc6 20. Qd3 Rc5 21. Bxf6 Qxf6 22. Bxc6 Rxc6 23. Rbd1 Rcc8 {1-0 (32) Berchtold,C (2265)-Thierry,R (2261) ICCF email 2005}) 18. d6 $1 $18 Rc5 (18... Re6 $142) 19. d7 Re6 20. Nd3 Rc7 {[%emt 0:00:58] [#]} 21. Bxf6 $1 gxf6 (21... Rxe1+ 22. Qxe1 Qxd7 23. Bxb7 Nxb7) 22. Qg4+ {[%emt 0:00:30] White is clearly winning.} Kh8 23. Nf4 Rxe1+ 24. Rxe1 {[%emt 0:00:04] White threatens Re8+ and mate.} Qxd7 25. Qh4 Rc5 26. Qxf6+ Kg8 27. Bxb7 ({Inferior is} 27. Re7 Rc1+ 28. Bf1 Rxf1+ 29. Kxf1 Qd1+ 30. Re1 Ba6+ 31. Kg2 Qxe1 $11) (27. Bh3 $142 Qc6 28. Qd8+ Kg7 {[#]} 29. Ne6+ $1 fxe6 30. Qe7+ Kg6 31. Rxe6+ Qxe6 32. Qxe6+ Kg7 33. Qe7+ Kg6 34. f4) 27... Rf5 {[%emt 0:00:20] [#]} 28. Nd5 $1 {[%emt 0:00:48] Black did not feel at home in the position after the opening.  Weighted Error Value: White=0.31/Black=0.51} 1-0

[Event "31st Kavala Open-A 2022"]
[Site "Kavala"]
[Date "2022.07.27"]
[Round "3.5"]
[White "Karthik Venkataraman"]
[Black "Tarhan, Adar"]
[Result "1/2-1/2"]
[ECO "C78"]
[WhiteElo "2483"]
[BlackElo "2201"]
[Annotator "TA"]
[PlyCount "162"]
[EventDate "2022.07.27"]
[EventType "swiss"]
[EventCountry "GRE"]
[SourceTitle "playchess.com"]
[Source "ChessBase"]
[SourceQuality "1"]
[TimeControl "40/5400+30:1800+30"]

1. e4 e5 2. Nf3 Nc6 3. Bb5 a6 4. Ba4 Nf6 5. O-O b5 6. Bb3 Bb7 7. d3 Bc5 8. Nc3 d6 9. a3 {[%emt 0:02:15] C78: Ruy Lopez: Archangelsk and Möller Defences.} h6 10. Be3 Nd4 11. Bxd4 Bxd4 12. Nxd4 exd4 13. Ne2 c5 14. Ng3 {[%emt 0:01:28] [#]} O-O $146 ({Predecessor:} 14... Qc7 15. c3 dxc3 16. bxc3 O-O 17. Qf3 Rae8 18. c4 Re5 19. Qd1 bxc4 20. Bxc4 d5 21. exd5 Nxd5 {1-0 (52) Sardy,P (2350)-Nemeth,A (2011) Hungary 2012}) 15. Qf3 Bc8 16. e5 Bg4 17. Qc6 dxe5 18. Qxc5 Nd7 ({Black should try} 18... Re8 $1 $15) 19. Qd6 Re8 20. a4 {[%emt 0:01:06] axb5 is the strong threat.} ({But not} 20. Qg6 Be6 21. Bxe6 Rxe6 $15) 20... Nb6 (20... Rb8 $11) 21. Qxd8 $1 $14 ({Much worse is} 21. Qg6 $6 Be6 22. Bxe6 Rxe6 $15) 21... Rexd8 22. axb5 $1 axb5 23. Rxa8 $1 Rxa8 24. f4 exf4 {[%emt 0:04:57] [#]} 25. Bxf7+ $1 {[%emt 0:02:43][%mdl 64] Decoy} Kxf7 26. Rxf4+ Kg8 {[%emt 0:00:10] aiming for ...Bd1.} 27. Rxg4 $16 {[%emt 0:00:05][%mdl 4096] Endgame And now Nf5 would win. KRN-KRN} Ra1+ 28. Kf2 {[%emt 0:00:51] Black must now prevent Nf5.} Rc1 29. Nf5 Rxc2+ 30. Kf3 Rxb2 31. Rxg7+ Kf8 32. Rb7 Na4 33. Rb8+ Kf7 34. Rxb5 Rxb5 $11 35. Nd6+ Ke6 36. Nxb5 $14 {[%emt 0:00:03] KN-KN} Ke5 37. Na3 {[%emt 0:01:07] Black should prevent Nc4+.} Nc5 $1 38. Nc4+ Kf5 39. Nb2 Kg5 40. Ke2 Ne6 41. Kf2 Kf5 42. Na4 Kf4 43. Nb6 h5 44. Nd5+ Ke5 45. Nb4 {[%emt 0:00:05] Hoping for Kg3.} Kf4 46. Nc6 h4 47. Nb4 Kf5 48. Nc2 Kf4 49. Ne1 Ng5 50. Nc2 Ne6 51. Nb4 Kf5 52. Nc6 Kf4 53. Ne7 Nc5 54. Ke2 Ne6 55. Ng6+ Kg5 56. Ne5 Kf5 57. Nf3 Kg4 58. Kf2 Nf4 59. h3+ Kh5 {[%emt 0:00:11] [#]} 60. Nxd4 (60. Nxh4 $1 $16 Kxh4 (60... Nxd3+ 61. Kg3) 61. g3+ Kxh3 62. gxf4) 60... Nxd3+ $11 61. Ke3 (61. Kf3 $5 ) 61... Ne1 62. Kf2 Nd3+ 63. Ke2 Nf4+ $1 64. Kf3 Kg5 65. Nb3 Ne6 66. Nd2 Kf5 67. Kf2 {[%emt 0:00:13] Strongly threatening Nf3.} Nf4 68. Nf3 Ng6 69. Ke3 Ke6 70. Ke4 Kf6 $1 71. Nd4 Kg5 72. Ne6+ Kf6 73. Nf4 {[%emt 0:00:04] Nxg6 would kill now.} Ne7 74. Nd3 (74. Kf3 $5 Kf5 75. Ke3 $16) 74... Ng6 75. Ne1 Kg5 76. Nf3+ Kf6 77. Nd4 Kg5 78. Nf5 Nf4 79. Nxh4 Nxh3 $1 {[%emt 0:00:05] The position is equal.} 80. Nf3+ Kg4 81. Ne5+ Kg3 {[%emt 0:00:04] Weighted Error Value: White=0.09 (flawless) /Black=0.06 (flawless)} 1/2-1/2

[Event "31st Kavala Open-A 2022"]
[Site "Kavala"]
[Date "2022.07.27"]
[Round "3.6"]
[White "Rahmanidis, Petros"]
[Black "Kilic, Eray"]
[Result "0-1"]
[ECO "B96"]
[WhiteElo "2191"]
[BlackElo "2422"]
[Annotator "TA"]
[PlyCount "78"]
[EventDate "2022.07.27"]
[EventType "swiss"]
[EventCountry "GRE"]
[SourceTitle "playchess.com"]
[Source "ChessBase"]
[SourceQuality "1"]
[TimeControl "40/5400+30:1800+30"]

1. e4 c5 2. Nf3 d6 3. d4 cxd4 4. Nxd4 Nf6 5. Nc3 a6 6. Bg5 e6 7. f4 h6 8. Bh4 Qb6 9. a3 Be7 {[%emt 0:00:17][%cal Of6e4] B96: Sicilian Najdorf: 6 Bg5 e6 7 f4, lines other than 7...Qb6 and 7...Be7.} (9... Qxb2 $2 10. Na4 Qxa1 11. Qxa1 $18) 10. Bf2 {[%emt 0:01:09][%cal Od4e6] Hoping for Nxe6!} Qc7 $1 (10... Qxb2 $2 11. Na4 Qxa1 12. Qxa1 $18) 11. Qf3 Nbd7 {[%emt 0:00:34] The position is equal.} 12. O-O-O b5 13. g4 Bb7 (13... g5 $5 ) 14. Kb1 {[%emt 0:01:46] 14.h4 gains popularity.} Nc5 15. Bd3 d5 16. e5 Nfe4 {[%emt 0:00:29] [#]} 17. Nce2 $146 ({Don't blunder} 17. Ndxb5 $2 axb5 18. Bxb5+ Bc6 19. Bxc5 Nxc5 $19) ({Predecessor:} 17. Be1 O-O-O 18. Qe3 g5 19. f5 f6 20. Bxe4 dxe4 21. exf6 Bxf6 22. Bg3 Be5 23. Bxe5 Qxe5 24. Rhf1 exf5 25. Rxf5 Qe7 26. b4 Nd7 27. Ncxb5 axb5 28. Qc3+ {1-0 (28) Tsydypov,Z (2546)-Rodshtein,M (2699) Sochi 2019}) 17... Nxf2 (17... b4 $5) 18. Qxf2 Ne4 19. Bxe4 (19. Qf3 {is interesting.} O-O-O 20. Ng3 Bc5 21. Qe3) 19... dxe4 20. Qg3 Qb6 21. f5 Bc5 (21... O-O-O $1 $11 {keeps the balance.}) 22. Rhf1 (22. fxe6 $142 $1 fxe6 23. Rhf1) 22... O-O-O $16 {[%emt 0:10:37][%cal Rc5d4,Ba8d8,Bd8d7,Bd7f7,Bf7f1][%mdl 32] [#]} 23. c3 (23. fxe6 $1 $16 fxe6 24. Qc3) 23... Bd5 $11 24. b4 Bxd4 25. Nxd4 Qc7 26. Kb2 Qc4 {[%emt 0:02:46] Threatens to win with ...h5.} 27. Ra1 Rd7 $36 {[%emt 0:03:52][%mdl 2048] Black is pushing.} 28. Qe3 Kb7 29. Rfd1 {[%emt 0:11:31] [#]} (29. Rf2 $11) 29... h5 $1 $17 30. fxe6 (30. g5 $17 {was necessary.}) 30... fxe6 $19 31. g5 (31. gxh5 $142 Rxh5 32. a4) 31... Rf8 32. Rd2 $2 (32. g6) 32... Rdf7 {[%emt 0:00:36][%cal Of7f3] ...Rf3! is the strong threat.} 33. Qe2 e3 34. Qxc4 Bxc4 (34... bxc4 $2 {is the wrong capture.} 35. Re2 $19) 35. Rc2 Rf1 36. h4 Bd3 {[%emt 0:00:39] And now ...Rxa1 would win.} 37. Rcc1 R8f2+ 38. Nc2 {[%emt 0:00:10] [#]} Bxc2 $1 39. Rxf1 Bd3+ {[%emt 0:00:01][%mdl 64] Discovered Attack.  Weighted Error Value: White=0.79/Black=0.17 (very precise)} 0-1

[Event "31st Kavala Open-A 2022"]
[Site "Kavala"]
[Date "2022.07.27"]
[Round "3.7"]
[White "Gagare, Shardul"]
[Black "Markidis, Konstantinos"]
[Result "1/2-1/2"]
[ECO "C07"]
[WhiteElo "2514"]
[BlackElo "2259"]
[Annotator "TA"]
[PlyCount "151"]
[EventDate "2022.07.27"]
[EventType "swiss"]
[EventCountry "GRE"]
[SourceTitle "playchess.com"]
[Source "ChessBase"]
[SourceQuality "1"]
[TimeControl "40/5400+30:1800+30"]

1. e4 e6 2. d4 d5 3. Nd2 c5 4. Ngf3 cxd4 5. Nxd4 Nf6 6. exd5 Qxd5 {[%emt 0:00:40] 6...Nxd5 is the fancy move.} 7. Nb5 {[%emt 0:00:30] C07: French Tarrasch: 3...c5, 4 Ngf3 and 4 exd5 Qxd5.} Na6 {[%emt 0:00:30] Against Nc7+} 8. Nc3 Qd6 9. a3 Be7 10. Qf3 O-O 11. Nc4 Qd8 {[%emt 0:10:55] [#]} 12. Be2 $146 (12. Bf4 $16) ({Predecessor:} 12. Bf4 Nc7 13. Bd3 Ncd5 14. Be5 Nd7 15. Bd4 Nxc3 16. Bxc3 Nc5 17. O-O-O Nxd3+ 18. Rxd3 {1-0 (40) Popov,I (2592)-Christiansen,J (2555) St Petersburg 2018}) 12... Nc7 $11 13. Qg3 Kh8 (13... Nfd5 $11) 14. Bf4 $14 Ncd5 15. Rd1 Bd7 16. Be5 $1 Bc6 17. Nxd5 Bxd5 18. Ne3 $40 {[%emt 0:01:53][%mdl 128] Strongly threatening c4. White wants a kill. 0x0.001f244a0a95dp-1022s more active pieces.} Qa5+ (18... Qc8 $142) 19. Bc3 $16 Qd8 20. Bxf6 Bxf6 21. c4 $1 Qa5+ 22. b4 Qxa3 23. cxd5 {[%emt 0:00:18] aiming for 0-0.} Qxb4+ 24. Kf1 a5 25. Bd3 (25. dxe6 $16 fxe6 26. Qg4) 25... exd5 (25... a4 $1 $14) 26. Nxd5 Qb3 27. Qf3 (27. Be2 $18 Qb2 28. Nxf6 Qxf6 29. Qa3) 27... Bb2 28. Bb1 (28. Qh5 h6 $16) (28. g3 $142) 28... Qxf3 29. gxf3 a4 30. Rd2 a3 31. Ba2 Ra6 32. f4 b5 33. Ke2 Re6+ 34. Ne3 Re7 35. Kf3 b4 36. Rb1 Rb7 37. Rd3 Rfb8 38. Rb3 g6 39. Nc4 $1 Bd4 {[#]} (39... Bf6 $16 {keeps fighting.}) 40. Nd6 $2 ({White should play} 40. Nxa3 $1 $18 {[%mdl 512] Hoping for Nc2.} Ra7 (40... Ra8 41. Nc2) 41. Nc2) 40... Rd7 $11 41. Nc4 (41. Ne4 $11) 41... Rdb7 $18 {[#]} 42. Nxa3 $1 Ra7 {[#]} (42... Ra8 43. Nc2) 43. Rd3 $1 b3 {[%cal Oh8g7] [#]} 44. Nc2 $1 ({And not} 44. Rxd4 Rxa3 45. Rd3 Rxa2 46. Rdxb3 Rxb3+ 47. Rxb3 Ra5 $15) (44. Rdxb3 Rxb3+ 45. Rxb3 Bc5 $11) (44. Bxb3 Rxa3 45. Rxd4 Rbxb3+ 46. Rxb3 Rxb3+ 47. Kg2 Kg7 $11) (44. Rbxb3 Rxb3 45. Rxb3 Bc5 $11) 44... Bxf2 45. Rdxb3 ({Not} 45. Kxf2 Rxa2 46. Rbxb3 Rxb3 47. Rxb3 Rxc2+ 48. Kg3 Kg7 $17) ({Don't play} 45. Rbxb3 Rc8 46. Bb1 Bg1) 45... Rxb3+ 46. Bxb3 Bc5 47. Rd1 Kg7 48. Rd5 Rc7 49. Ne1 Bg1 50. Kg2 Be3 51. Nd3 f5 52. Kf3 Bd2 53. Rd8 Re7 54. Ne5 Bc3 55. Rg8+ Kf6 56. Nc6 Rd7 57. Re8 Rd3+ 58. Ke2 Rd2+ {[%emt 0:00:44] [#]} 59. Ke3 (59. Kf1 $1 $16 {Re7 is the strong threat.} Rb2 60. Bc4) 59... Rxh2 $14 60. Ne5 (60. Rf8+ $14 Kg7 61. Rf7+ Kh8 62. Nd8) 60... Bd2+ $1 $11 {[%emt 0:00:42] The position is equal.} 61. Kd4 {[%emt 0:00:10] And now Re6+ would win.} Bxf4 62. Re6+ Kg7 63. Re7+ Kh6 64. Nf7+ Kh5 65. Bd5 Kg4 66. Re1 Rd2+ 67. Kc4 Rc2+ 68. Kb3 Rc5 69. Rg1+ Kh3 70. Bc4 Rc7 71. Rh1+ Bh2 72. Ng5+ Kg3 73. Rd1 Kg4 74. Ne6 Rb7+ 75. Kc2 f4 76. Be2+ {[%emt 0:00:17] Black escapes into a draw.  Weighted Error Value: White=0.18 (very precise) /Black=0.13 (very precise)} 1/2-1/2